cohdb
Replays
Latest Replays
All Replays
Popular Replays
Top Player Replays
Match Explorer
How It Works
Community
CoH3 Stats
Reddit
Sign in to upload your games and track your stats! →
Sign in with Steam
Match 37548229
Unlisted
Match 37548229
Overview
Messages
Build Orders
End
Vickers Machine Gun Team
Construct Section Command Post
Selects Air and Sea Battlegroup
Infantry Section
Royal Engineer Section
Infantry Section
Grenade Package
Construct Platoon Command Post
Humber Armored Car
Selects Supply Surplus
Selects Commando Section Paradrop
Selects M1 Pack Howitzer Paradrop
Construct Field Infirmary
6-pounder Anti-tank Gun Team
M1 Pack Howitzer Paradrop
Construct Company Command Post
Crusader II Medium Tank
Славик
Wrathment
0
0
Comments
sign in to comment!
No comments posted yet!